 Dungeon Crawl Stone Soup version 0.28-a0-983-g1de4e0787c (webtiles) character file.

Game seed: 7124108648317168375

105 Redcow54321 the Slasher (level 4, -2/37 HPs)
             Began as a Demigod Fighter on Dec 3, 2021.
             Slain by Sigmund (10 damage)
             ... on level 2 of the Dungeon.
             The game lasted 00:02:44 (2523 turns).

Redcow54321 the Slasher (Demigod Fighter)           Turns: 2523, Time: 00:02:44

Health: -2/37      AC:  6    Str: 21    XL:     4   Next: 29%
Magic:  6/6        EV:  9    Int: 10    God:
Gold:   245        SH:  0    Dex: 13    Spells: 3/3 levels left

rFire   . . .      SeeInvis .   a - +0 long sword
rCold   . . .      Faith    .   (no shield)
rNeg    . . .      Spirit   .   b - +0 scale mail
rPois   .          Reflect  .   (no helmet)
rElec   .          Harm     .   (no cloak)
rCorr   .          Rampage  .   (no gloves)
Will    .....                   (no boots)
Stlth   ..........              (no amulet)
HPRegen 0.12/turn               (no ring)
MPRegen 0.10/turn               (no ring)

@: no status effects
A: high mp 1, forlorn, divine attributes
a: no special abilities


You were on level 2 of the Dungeon.
You visited 1 branch of the dungeon, and saw 3 of its levels.

You collected 245 gold pieces.

Inventory:

Hand Weapons
 a - a +0 long sword (weapon)
Armour
 b - a +0 scale mail (worn)
 c - a +0 buckler
Jewellery
 m - an amulet of magic regeneration
 p - a ring of fire
Scrolls
 f - 2 scrolls of identify {unknown}
 g - a scroll of magic mapping {unknown}
 j - a scroll of enchant weapon {unknown}
 n - a scroll of brand weapon {unknown}
Potions
 d - a potion of might
 e - 9 potions of curing {unknown}
 h - a potion of degeneration {unknown}
 i - a potion of attraction {unknown}
 k - a potion of flight {unknown}
 l - a potion of mutation {unknown}
 o - a potion of brilliance {unknown}


   Skills:
 - Level 2.6 Fighting
 * Level 4.4 Long Blades
 - Level 2.6 Armour
 - Level 2.6 Shields


You had 3 spell levels left.
You didn't know any spells.
Your spell library was empty.

Dungeon Overview and Level Annotations

Branches:
Dungeon (3/15)

Annotations:
D:2 Sigmund


Innate Abilities, Weirdness & Mutations

You have an increased reservoir of magic. (+10% MP)
You shall have no god before yourself.
Your divine heritage dramatically boosts your attributes as you level up.


Message History

The adder barely misses you.
Your scale mail prevents you from hitting the adder.
The adder barely misses you.
You closely miss the adder. The adder barely misses you.
The adder closely misses you.
You hit the adder.
The adder is moderately wounded.
The adder completely misses you. The adder misses you.
You slash the adder!
You kill the adder!
No target in view!
Found a stone staircase leading up.
Found a human skeleton.
No target in view!
No target in view!
Found a human skeleton.
Found a scroll labelled RIYLAN LOP.
Sigmund the Dreaded comes into view.
He is wielding a +0 scythe and wearing a +2 robe of willpower.
Found a human skeleton.
Sigmund shouts!
Sigmund mumbles some strange words.
Sigmund flickers and vanishes!
Deactivating autopickup; reactivate with Ctrl-A.
Found two human skeletons.
Something hits you!
You hear some strange, mumbled words.
Something tries to affect you, but you resist.
You hear some strange, mumbled words.
A puff of flame appears from out of thin air!
The puff of flame hits you. Something hits you.
You hear some strange, mumbled words.
A magic dart appears from out of thin air!
The magic dart hits you.
You barely miss something. Something hits you!
* * * LOW HITPOINT WARNING * * *
Something hits you.
* * * LOW HITPOINT WARNING * * *
You closely miss something. Something hits you!
You die...

############## #†...)......#.#
#..######.#.#.# #..# #.#.#.#
#################..# #.#.#.#
...................######.#.#.#
##################.#<.........#
...# #......#.#...#
########.#########.#.#...#
......8....@...# #.#.....#
....÷..#.#####.# #.....#.#
÷..÷.÷8#.# #.####....#.#
.....÷.#.# #.........#.#
......8#.# ######.####.#
...8.8.#.# #.# .###.#.#?# #.#
..#...# #.# #..


There were no monsters in sight!

Vanquished Creatures
  Terence (D:2)
  4 adders
  2 dart slugs (D:3)
  4 bats
  5 endoplasms
  2 giant cockroaches
  4 hobgoblins
  A quokka (D:3)
  6 ball pythons
  A frilled lizard (D:3)
  3 goblins
  3 kobolds
  A rat (D:1)
37 creatures vanquished.

Notes
Turn   | Place    | Note
-------+----------+-------------------------------------------
     0 | D:1      | Redcow54321 the Demigod Fighter began the quest for the
                  | Orb.
     0 | D:1      | Reached XP level 1. HP: 18/18 MP: 3/3
    52 | D:1      | Reached skill level 2 in Long Blades
  1081 | D:3      | Reached XP level 2. HP: 19/25 MP: 4/4
  1095 | D:3      | Reached skill level 3 in Long Blades
  1197 | D:3      | Reached XP level 3. HP: 16/30 MP: 5/5
  2112 | D:2      | Noticed Terence
  2117 | D:2      | Killed Terence
  2118 | D:2      | Reached skill level 4 in Long Blades
  2118 | D:2      | Reached XP level 4. HP: 37/37 MP: 6/6
  2504 | D:2      | Noticed Sigmund
  2523 | D:2      | Slain by Sigmund

Illustrated notes

Levels and vault maps discovered:
D:1:      lightli_iron_boxes, layout_loops_ring
D:2:      layout_basic, shapermc_ecumenical_altar_pompeii, uniq_sigmund,
          uniq_terence
D:3:      layout_rooms

Skill      XL: |  1  2  3 |
---------------+----------+-----
Long Blades    | 2 3 4 |  4.4
Fighting       | |  2.6
Armour         | |  2.6
Shields        | |  2.6

Action                   |  1- 3 |  4- 6 || total
-------------------------+-------+-------++-------
Melee: Long sword        |    89 |    19 ||   108
Armor: Scale mail        |    49 |     6 ||    55
Dodge: Dodged            |    56 |    13 ||    69

Table legend: (Time is in decaauts)
 A = Elapsed time spent in this place.
 B = Non-inter-level travel time spent in this place.
 C = Inter-level travel time spent in this place.
 D = Time resting spent in this place.
 E = Time spent auto-exploring this place.
 F = Levels seen in this place.
 G = Mean time per level.
                   A        B        C        D        E       F      G
               +--------+--------+--------+--------+--------+-----+--------+
         Total |   2548 |   2511 |     37 |      0 |   2169 |   3 |  849.3 |
       Dungeon |   2548 |   2511 |     37 |      0 |   2169 |   3 |  849.3 |
               +--------+--------+--------+--------+--------+-----+--------+

Top non-repeatable levels by time:
     D:1: 977 daAuts
     D:3: 855 daAuts
     D:2: 716 daAuts
